AoeStats
← généralmeu

Socotra

504284571Analyzed
4v4 RM · 28d ago on Sep 4, 2026· 28m 37s· 8 players
Game mode
Random Map
Map size
148×148
Population
200
Speed
Normal
Resources
Standard
Victory
Conquest
Starting age
Dark Age
Ending age
Imperial Age
RankedLock teamsTeams togetherTeam positionsShared explorationLock speedFull tech treeHidden civsTurbo modeCheats
Victory
Defeat
🇨🇭 Mongols · Switzerland
1171
+10
🇨🇭 Britons · Switzerland
1141
+11
🇨🇳 Japanese · China
1053
+15
🇩🇪 Lithuanians · Germany
900
+23
🇨🇿 Huns · Czechia
1047
-15
🇲🇽 Cumans · Mexico
1046
-15
🇳🇱 Ethiopians · Netherlands
1036
-15
🇫🇷 Franks · France
1012
-40
prsdntsdghtr
5:25 Loom
12:34 Feudal Age
17:11 Double-Bit Axe
19:16 Fletching
23:16 Padded Archer Armor
28:28 Castle Age
généralmeu
Prekvapko, tu Hanz
0:27 Loom
10:05 Feudal Age
21:23 Castle Age
20:46 Double-Bit Axe
20:54 Horse Collar
soulforchildren
10:28 Feudal Age
10:59 Double-Bit Axe
11:02 Loom
11:06 Horse Collar
12:05 Town Watch
18:18 Wheelbarrow
19:55 Forging
21:00 Bloodlines
20:57 Scale Barding Armor
26:32 Castle Age
27:33 Chain Barding Armor
27:28 Bow Saw
27:19 Heavy Plow
27:11 Gold Mining
27:11 Stone Mining
pipermirage
0:42 Loom
20:41 Feudal Age
21:56 Double-Bit Axe
frickman
4:06 Loom
10:59 Feudal Age
11:07 Man-at-Arms
11:57 Arson
14:32 Double-Bit Axe
16:10 Fletching
16:53 Padded Archer Armor
24:45 Castle Age
25:31 Horse Collar
26:30 Scale Barding Armor
28:02 Forging
28:12 Chain Barding Armor
eieieili
3:09 Loom
13:46 Feudal Age
20:36 Castle Age
20:38 Fletching
21:48 Padded Archer Armor
22:09 Crossbowman
22:52 Squires
24:50 Wheelbarrow
24:08 Gold Mining
24:05 Double-Bit Axe
27:33 Pikeman
菜鸡请别打
Connection lost

Rejoining the realm…

Still unreachable

The connection could not be restored.

Session expired

The server has moved on; the page needs a fresh start.